 Dungeon Crawl Stone Soup version 0.29.0-3-gbb0933ed62 (webtiles) character file.

Game seed: 18224609675486062785

2207 zenocrate the Cudgeller (level 9, -5/123 HPs)
             Began as a Gargoyle Gladiator on Aug 25, 2022.
             Was a Follower of Makhleb.
             Slain by an ogre
             ... wielding a +0 giant club
              (24 damage)
             ... on level 6 of the Dungeon.
             The game lasted 00:11:11 (6908 turns).

zenocrate the Cudgeller (Gargoyle Gladiator)        Turns: 6908, Time: 00:11:12

Health: -5/123     AC: 24    Str: 22    XL:     9   Next: 34%
Magic:  13/13      EV:  2    Int:  9    God:    Makhleb [*.....]
Gold:   830        SH:  0    Dex: 11    Spells: 14/14 levels left

rFire   . . .      SeeInvis .   x - +5 morningstar (drain)
rCold   . . .      Faith    .   (no shield)
rNeg    + . .      Spirit   .   (body armour currently unavailable)
rPois   ∞          Reflect  .   (helmet currently unavailable)
rElec   .          Harm     .   (cloak currently unavailable)
rCorr   .          Rampage  .   (gloves currently unavailable)
Will    .....      NoTele   +   (boots currently unavailable)
Stlth   ..........              (no amulet)
HPRegen 0.30/turn               (no ring)
MPRegen 0.13/turn               (no ring)

@: berserking (expiring), tree-form, studying Translocations, very quick
A: stationary, stasis, torment immunity, boosted hp, sickness immunity, AC +6,
negative energy resistance 1, (electricity resistance), torment resistance 1,
petrification resistance
a: Renounce Religion


You were on level 6 of the Dungeon.
You worshipped Makhleb.
Makhleb was aware of your devotion.
You were a tree.
You visited 2 branches of the dungeon, and saw 7 of its levels.

You collected 830 gold pieces.

Inventory:

Hand Weapons
 x - a +5 morningstar of draining (weapon)
Missiles
 e - 3 javelins
 t - 3 poisoned darts (quivered)
Armour
 c - a +0 helmet (melded)
 l - a +0 chain mail (melded)
 y - a +0 cloak (melded)
Scrolls
 a - 2 scrolls of poison
 d - a scroll of immolation {unknown}
 m - a scroll of brand weapon {unknown}
 n - a scroll of magic mapping {unknown}
 p - a scroll of enchant armour {unknown}
 s - a scroll of fear {unknown}
 u - 2 scrolls of teleportation {unknown}
 w - a scroll of vulnerability {unknown}
Potions
 f - 2 potions of brilliance
 i - a potion of mutation
 j - a potion of curing
 o - 6 potions of attraction
 v - a potion of haste
 z - a potion of invisibility


   Skills:
 - Level 6.1 Fighting
 + Level 6.3 Maces & Flails
 - Level 5.8 Throwing
 - Level 2.4 Armour
 - Level 2.4 Dodging
 - Level 5.1 Stealth
 + Level 3.1 Spellcasting
 - Level 3.2 Invocations


You had 14 spell levels left.
You didn't know any spells.
Your spell library contained the following spells:

 Spells                   Type           Power      Damage    Failure   Level
 Summon Small Mammal      Summ           4%         N/A       30%         1
 Call Canine Familiar     Summ           1%         N/A       65%         3
 Summon Guardian Golem    Hex/Summ       1%         N/A       65%         3


Dungeon Overview and Level Annotations

Branches:
Dungeon (6/15)             Temple (1/1) D:4

Altars:
Fedhas
Makhleb
Qazlal
Ru
Vehumet


Innate Abilities, Weirdness & Mutations

You are a tree.
Your roots penetrate the ground, keeping you stationary.
You cannot be teleported.
You are immune to unholy pain and torment.
Your maximum health is greatly increased.
Your equipment is partially melded.
You are immune to sickness and miasma.
((Your stone body is resilient. (AC +6)))
You are immune to poison.
You resist negative energy. (rN+)
((You are resistant to electric shocks. (rElec)))
You are resistant to unholy torment.
You are immune to petrification.


Message History

The boulder beetle curls into a ball and begins rolling!
The orc hits you but does no damage.
You impale the orc!!
You kill the orc!
Makhleb accepts your kill. The boulder beetle hits you!!!
Ouch! That really hurt!
* * * LOW HITPOINT WARNING * * *
The boulder beetle stops rolling and uncurls.
Really quaff the potion of lignification?
You turn into a tree.
Your +0 cloak melds into your body.
Your +0 helmet melds into your body.
Your +0 chain mail melds into your body.
Your roots penetrate the ground.
An ogre comes into view. It is wielding a +0 giant club.
The boulder beetle completely misses you.
You puncture the boulder beetle!
The boulder beetle is lightly wounded.
The boulder beetle bites you!
* * * LOW HITPOINT WARNING * * *
Unknown command.
You feel better.
The boulder beetle bites you but does no damage.
Unknown command.
A red film seems to cover your vision as you go berserk!
You feel yourself moving faster!
You feel mighty!
The boulder beetle bites you but does no damage.
You puncture the boulder beetle!
The boulder beetle is moderately wounded.
The boulder beetle leaps!
You cannot move.
You cannot move.
You cannot move.
You cannot move.
Unknown command.
You feel a strong urge to attack something.
You thump the ogre! You punch the ogre!
The ogre is almost dead.
The ogre hits you with a +0 giant club!!
You die...

#############
#...##..##..#
#...##..##..#### #.
##.##..##..##...# #.
##.##..##..##...# ## #.
##...##..##..##?####.# .
#.
##...##..##..##.##...#....
#.
##.##..##..##...♣O..B.....
#.
##.##..##..##...##...#....
#.#.
##...##..##..##.####.# .
#.#. ##...##..##.. #.# ##
##.#. ##.##..##..# ..#
#.#. ##.##..##..# ..# #.#.
##..)####### ##.# #.#.
#....##### #. ##.#.
#'#####..# #..#.


You could see a boulder beetle and an ogre.

Vanquished Creatures
  Grinder (D:4)
  Sigmund (D:3)
  2 steam dragons (D:5)
  Menkaure (D:5)
  Duvessa (D:5)
  2 sky beasts (D:6)
  A black bear (D:6)
  A centaur (D:6)
  A bullfrog (D:6)
  3 scorpions
  Dowan (D:5)
  2 howler monkeys (D:6)
  Crazy Yiuf (D:5)
  4 hounds
  2 gnoll boudas
  An orc wizard (D:5)
  Natasha (thrice) (D:3)
  5 iguanas
  6 adders
  4 gnolls (D:4)
  A white imp (D:6)
  An ufetubus (D:5)
  3 dart slugs
  20 orcs
  9 endoplasms
  6 giant cockroaches
  4 goblins
  5 hobgoblins
  2 jackals (D:1)
  8 kobolds
  7 quokkas
  10 ball pythons
  5 bats
  5 frilled lizards
  9 rats
138 creatures vanquished.

Vanquished Creatures (others)
  6 fungi (D:5)
  A plant (D:3)
  6 withered plants (D:3)
13 creatures vanquished.

Grand Total: 151 creatures vanquished

Notes
Turn   | Place    | Note
-------+----------+-------------------------------------------
     0 | D:1      | zenocrate the Gargoyle Gladiator began the quest for the
                  | Orb.
     0 | D:1      | Reached XP level 1. HP: 12/12 MP: 1/1
   253 | D:1      | Reached skill level 1 in Stealth
   263 | D:1      | Reached XP level 2. HP: 13/18 MP: 2/2
  1128 | D:2      | Reached XP level 3. HP: 23/23 MP: 3/3
  1677 | D:2      | Reached XP level 4. HP: 28/28 MP: 4/4
  2180 | D:3      | Found a faded altar of an unknown god.
  2215 | D:3      | Noticed Sigmund
  2252 | D:3      | Killed Sigmund
  2253 | D:3      | Reached skill level 5 in Fighting
  2253 | D:3      | Reached XP level 5. HP: 15/35 MP: 5/5
  2253 | D:3      | Reached XP level 6. HP: 17/40 MP: 6/6
  2464 | D:3      | Noticed Natasha
  2473 | D:3      | Killed Natasha
  2708 | D:3      | Noticed Natasha
  2714 | D:3      | Killed Natasha
  2727 | D:3      | Reached skill level 1 in Spellcasting
  2959 | D:3      | Noticed Natasha
  2967 | D:3      | Killed Natasha
  3029 | D:3      | Found a radiant altar of Vehumet.
  3283 | D:3      | You fall into a shaft and drop 3 floors!
  3351 | D:5      | Entered Level 5 of the Dungeon
  3356 | D:5      | Noticed Duvessa
  3359 | D:4      | Noticed Grinder
  3750 | D:4      | Paralysed by Grinder for 3 turns
  3771 | D:4      | Killed Grinder
  3772 | D:4      | Reached XP level 7. HP: 20/44 MP: 9/9
  4046 | D:4      | Reached skill level 1 in Armour
  4282 | D:4      | Found a sacrificial altar of Ru.
  4390 | D:4      | Found a burning altar of Makhleb.
  4395 | D:4      | Became a worshipper of Makhleb the Destroyer
  4424 | D:4      | Found a staircase to the Ecumenical Temple.
  4431 | Temple   | Entered the Ecumenical Temple
  4434 | D:4      | Identified 3 scrolls of acquirement
  4434 | D:4      | Acquired a manual of Translocations
  4436 | D:4      | Acquired a +2 morningstar of draining
  4440 | D:4      | Acquired 602 gold pieces
  4709 | D:5      | Noticed Menkaure
  4718 | D:5      | Killed Menkaure
  4917 | D:5      | Noticed Dowan
  4927 | D:5      | Killed Duvessa
  4928 | D:5      | Reached skill level 1 in Invocations
  4928 | D:5      | Reached XP level 8. HP: 33/51 MP: 10/10
  4930 | D:5      | Killed Dowan
  5296 | D:5      | Reached skill level 5 in Throwing
  5349 | D:5      | Reached * piety under Makhleb
  5845 | D:5      | Found a runed translucent door.
  5846 | D:5      | Noticed Crazy Yiuf
  5855 | D:5      | Killed Crazy Yiuf
  6057 | D:5      | Reached skill level 5 in Maces & Flails
  6784 | D:6      | Reached skill level 5 in Stealth
  6784 | D:6      | Reached XP level 9. HP: 46/55 MP: 11/11
  6884 | D:6      | Noticed a boulder beetle
  6901 | D:6      | HP: 2/82 [boulder beetle (14)]
  6908 | D:6      | Slain by an ogre

Illustrated notes

Levels and vault maps discovered:
D:1:      elethiomel_arrival_quiet, layout_loops_ring
D:2:      layout_basic
D:3:      layout_loops_cross, mainiacjoe_overflow_alcove_1,
          shapermc_ecumenical_altar_flowoftime, uniq_natasha, uniq_sigmund
D:4:      layout_rooms, hangedman_ru_absence, mainiacjoe_overflow_alcove_2,
          minmay_temple_entry_tees, uniq_grinder
D:5:      kennysheep_steamy, layout_cave_pools, gup_sewer_entry_pipe,
          kennysheep_generic_room_15, uniq_duvessa, uniq_menkaure,
          uniq_crazy_yiuf_cottage
D:6:      wad_guarded_room, layout_basic, nemelex_diamond_rough_becter
Temple:   chequers_temple_sunken

Skill      XL: |  1  2  3  4  5  6  7  8  9 |
---------------+----------------------------+-----
Stealth        | 1 2 4 5 |  5.1
Fighting       | 3 5 6 |  6.1
Throwing       | 4 5 |  5.8
Spellcasting   | 1 3 |  3.1
Armour         | 2 |  2.4
Invocations    | 1 3 |  3.2
Maces & Flails | 5 6 |  6.3
Dodging        | |  2.4

Action                   |  1- 3 |  4- 6 |  7- 9 || total
-------------------------+-------+-------+-------++-------
Melee: Flail             |   112 |   204 |    18 ||   334
       Punch             |       |     1 |     4 ||     5
       Morningstar       |       |       |   185 ||   185
Throw: Throwing net      |       |     3 |     1 ||     4
       Javelin           |       |     3 |     3 ||     6
       Dart              |       |       |     4 ||     4
Evoke: Wand              |       |       |     1 ||     1
  Use: Potion            |       |     6 |     6 ||    12
       Scroll            |       |       |    11 ||    11
 Stab: Held in net/web   |       |     2 |     2 ||     4
Armor: Leather armour    |    30 |       |       ||    30
       Chain mail        |    55 |   105 |   168 ||   328
       Skin              |       |       |     2 ||     2
Dodge: Dodged            |    65 |    64 |   134 ||   263
